 Dungeon Crawl Stone Soup version 0.29.1-13-g9f3cf754e1 (webtiles) character file.

Game seed: 7421676015945998683

114 protoss039 the Digger (level 4, -5/34 HPs)
             Began as a Demonspawn Earth Elementalist on Feb 8, 2023.
             Slain by an orc
             ... wielding a +0 flail
              (7 damage)
             ... on level 3 of the Dungeon.
             The game lasted 00:03:41 (3191 turns).

protoss039 the Digger (DsEE)                        Turns: 3191, Time: 00:03:41

Health: -5/34      AC:  5    Str:  8    XL:     4   Next: 66%
Magic:  3/8        EV: 11    Int: 19    God:
Gold:   177        SH:  3    Dex: 13    Spells: 5/8 levels left

rFire   . . .      SeeInvis .   i - +0 spear
rCold   . . .      Faith    .   h - +0 buckler
rNeg    . . .      Spirit   .   a - +0 robe
rPois   .          Reflect  .   (no helmet)
rElec   .          Harm     .   (no cloak)
rCorr   .          Rampage  .   c - +0 pair of gloves
Will    .....                   (no boots)
Stlth   ++........              (no amulet)
HPRegen 0.11/turn               (no ring)
MPRegen 0.11/turn               (no ring)

@: no status effects
A: icy blue scales 1, spiny 1
a: no special abilities


You were on level 3 of the Dungeon.
You visited 1 branch of the dungeon, and saw 3 of its levels.

You collected 177 gold pieces.

Inventory:

Hand Weapons
 i - a +0 spear (weapon)
Armour
 a - a +0 robe (worn)
 c - a +0 pair of gloves (worn)
 h - a +0 buckler (worn)
Scrolls
 d - a scroll of noise {unknown}
 g - 3 scrolls of fear
 j - a scroll of identify {unknown}
 k - a scroll of blinking {unknown}
 o - a scroll of immolation {unknown}
Potions
 b - a potion of magic
 e - a potion of lignification {unknown}
 f - 2 potions of curing {unknown}
 l - 2 potions of mutation {unknown}
 m - a potion of cancellation {unknown}
 n - a potion of attraction {unknown}
 p - a potion of resistance {unknown}


   Skills:
 * Level 2.6 Fighting
 - Level 2.0 Dodging
 - Level 2.0 Stealth
 + Level 2.7 Spellcasting
 - Level 1.1 Transmutations
 + Level 3.3 Earth Magic


You had 5 spell levels left.
You knew the following spells:

 Your Spells              Type           Power      Damage    Failure   Level
a - Sandblast             Erth           30%        2d9       5%          1
b - Passwall              Tmut/Erth      9%         N/A       13%         2

Your spell library contained the following spells:

 Spells                   Type           Power      Damage    Failure   Level
 Stone Arrow              Conj/Erth      18%        3d8       32%         3
 Petrify                  Tmut/Erth      11%        N/A       63%         4


Dungeon Overview and Level Annotations

Branches:
Dungeon (3/15) Zot: 14768

Altars:


Innate Abilities, Weirdness & Mutations

You are partially covered in icy blue scales. (AC +2)
You are partially covered in sharp spines.


Message History

Press: ? - help, Shift-Dir - straight line, f - orc
Aim: an orc, wielding a +2 hand axe of holy wrath (severely wounded, 82% to hit)
Okay, then.
Casting: Sandblast (safe; 5% risk of failure)
Confirm with . or Enter, or press ? or * to list all spells.
Aiming: Sandblast (safe; 5% risk of failure)
Press: ? - help, Shift-Dir - straight line, f - orc
Aim: an orc, wielding a +2 hand axe of holy wrath (severely wounded, 82% to hit)
The blast of sand hits the orc!
You kill the orc!
Unknown command.
Casting: Sandblast (safe; 5% risk of failure)
Confirm with . or Enter, or press ? or * to list all spells.
Aiming: Sandblast (safe; 5% risk of failure)
Press: ? - help, Shift-Dir - straight line, f - orc
Aim: an orc, wielding a +0 hand axe (82% to hit)
The blast of sand hits the orc!
You kill the orc!
The orc priest calls down the wrath of Beogh upon you.
Beogh smites you!
* * * LOW HITPOINT WARNING * * *
The orc attacks as you move away! You block the orc's attack.
Casting: Sandblast (safe; 5% risk of failure)
Confirm with . or Enter, or press ? or * to list all spells.
Aiming: Sandblast (safe; 5% risk of failure)
Press: ? - help, Shift-Dir - straight line, f - orc
Aim: an orc, wielding a +0 flail and wearing a +0 scale mail (84% to hit)
The blast of sand misses the orc.
The blast of sand hits the goblin!
You kill the goblin!
The orc is struck by your spines. The orc hits you but does no damage.
Unknown command.
Casting: Sandblast (safe; 5% risk of failure)
Confirm with . or Enter, or press ? or * to list all spells.
Aiming: Sandblast (safe; 5% risk of failure)
Press: ? - help, Shift-Dir - straight line, f/p - orc
Aim: an orc, wielding a +0 flail and wearing a +0 scale mail (lightly wounded, 84% to hit)
The blast of sand hits the orc but does no damage.
The orc is lightly wounded.
The orc hits you with a +0 flail!
You die...

#.# #.### # ### #?#..
#. ...#.#.#####
#.###.#.#.#...#..
........#.#..... #.#
#.....#
######.###.#..####...
#.......@o.)o.)..'...
#......##.###.#.##...
#......##.....# ..
#).....######## .#
###......# ..
#........# .#
#........# #
#...###### ##...# #..


You could see an orc priest and an orc.

Vanquished Creatures
  An orc priest (D:3)
  3 adders (D:2)
  A worm (D:2)
  A dart slug (D:1)
  4 orcs (D:3)
  3 ball pythons
  6 bats
  4 endoplasms
  A giant cockroach (D:2)
  A hobgoblin (D:3)
  2 jackals (D:2)
  3 quokkas
  3 frilled lizards
  9 goblins
  2 kobolds (D:1)
  4 rats
48 creatures vanquished.

Notes
Turn   | Place    | Note
-------+----------+-------------------------------------------
     0 | D:1      | protoss039 the Demonspawn Earth Elementalist began the
                  | quest for the Orb.
     0 | D:1      | Reached XP level 1. HP: 13/13 MP: 3/3
   438 | D:1      | Reached skill level 1 in Transmutations
   771 | D:1      | Gained mutation: You are partially covered in icy blue
                  | scales. (AC +2) [demonic ancestry]
   771 | D:1      | Reached XP level 2. HP: 14/19 MP: 5/5
   841 | D:1      | Found a faded altar of an unknown god.
  1630 | D:2      | Learned a level 2 spell: Passwall
  1693 | D:2      | Reached skill level 1 in Fighting
  1693 | D:2      | Reached skill level 3 in Earth Magic
  1693 | D:2      | Reached XP level 3. HP: 25/26 MP: 4/6
  2680 | D:2      | Gained mutation: You are partially covered in sharp spines.
                  | [demonic ancestry]
  2680 | D:2      | Reached XP level 4. HP: 33/33 MP: 1/7
  3191 | D:3      | Slain by an orc

Illustrated notes

Levels and vault maps discovered:
D:1:      dpeg_arrival_connections, layout_loops_ring, basic_ecumenical_altar
D:2:      layout_loops_corners
D:3:      minmay_spotlight, layout_basic, nicolae_yredelemnul_corpse_copse,
          chequers_serial_rivers_micro_e, minmay_circle_x

Skill      XL: |  1  2  3 |
---------------+----------+-----
Transmutations | 1 |  1.1
Stealth        | 2 |  2.0
Dodging        | 2 |  2.0
Fighting       | 1 2 |  2.6
Earth Magic    | 3 |  3.3
Spellcasting   | |  2.7

Action                   |  1- 3 |  4- 6 || total
-------------------------+-------+-------++-------
Melee: Club              |    13 |       ||    13
       Spear             |    86 |    10 ||    96
 Cast: Sandblast         |    28 |    19 ||    47
  Use: Scroll            |       |     1 ||     1
 Stab: Sleeping          |     9 |       ||     9
Armor: Robe              |    34 |     5 ||    39
Dodge: Dodged            |    66 |     7 ||    73
Block: Buckler           |     8 |     9 ||    17
